 Dungeon Crawl Stone Soup version 0.26.0-16-gc1dbca0489 (webtiles) character file.

Game seed: 17037331359352547772

28 Cykl0x the Shield-Bearer (level 3, 0/29 HPs)
             Began as a Formicid Fighter on Jan 20, 2021.
             Slain by a worm (5 damage)
             ... on level 2 of the Dungeon.
             The game lasted 00:01:07 (833 turns).

Cykl0x the Shield-Bearer (Formicid Fighter)          Turns: 833, Time: 00:01:08

Health: 0/29       AC:  6    Str: 21    XL:     3   Next: 27%
Magic:  3/3        EV:  8    Int:  7    God:
Gold:   54         SH:  9    Dex: 10    Spells: 2/2 levels left

rFire    . . .     SeeInvis +   a - +0 long sword
rCold    . . .     Faith    .   c - +0 kite shield
rNeg     . . .     Spirit   .   b - +0 scale mail
rPois    .         Reflect  .   (helmet unavailable)
rElec    .         Harm     .   (no cloak)
rCorr    .         Rampage  .   (no gloves)
Will     .....                  (no boots)
Stlth    ..........             (no amulet)
HPRegen  0.09/turn              (no ring)
MPRegen  0.08/turn              (no ring)

@: no status effects
A: permanent stasis, dig shafts and tunnels, four strong arms, antennae 3
a: Dig, Shaft Self


You were on level 2 of the Dungeon.
You visited 1 branch of the dungeon, and saw 2 of its levels.

You collected 54 gold pieces.

Inventory:

Hand Weapons
 a - a +0 long sword (weapon)
 f - a +3 short sword
Missiles
 g - 5 stones
 i - 8 silver boomerangs (quivered)
Armour
 b - a +0 scale mail (worn)
 c - a +0 kite shield (worn)
Scrolls
 e - a scroll of fear {unknown}
 h - 2 scrolls of identify {unknown}
 k - a scroll of teleportation {unknown}
Potions
 d - a potion of might
 j - a potion of invisibility {unknown}


   Skills:
 + Level 3.5 Fighting
 + Level 2.6 Long Blades
 + Level 3.5 Armour
 + Level 0.1 Dodging
 + Level 4.0 Shields


You had 2 spell levels left.
You didn't know any spells.
Your spell library was empty.

Dungeon Overview and Level Annotations

Branches:
Dungeon (2/15)

Altars:


Innate Abilities, Weirdness & Mutations

You cannot be hasted, slowed, berserked, paralysed or teleported.
You can dig through walls and to a lower floor.
Your four strong arms can wield two-handed weapons with a shield.
You have a pair of large antennae on your head. (SInv)


Message History

You are too injured to fight recklessly!
Unknown command.
You barely miss the worm. You block the worm's attack.
You slash the worm!
The worm is heavily wounded.
The worm bites you.
You hit the worm but do no damage.
The worm is moderately wounded.
You block the frilled lizard's attack. x2
Your scale mail prevents you from hitting the worm.
The worm is moderately wounded.
The worm bites you. You block the frilled lizard's attack.
You completely miss the worm.
The worm is moderately wounded.
You block the frilled lizard's attack. The worm bites you.
* * * LOW HITPOINT WARNING * * *
You slash the worm!
The worm is almost dead.
You block the frilled lizard's attack. The worm bites you.
You die...

##.#+#.# ......#
#.....# #. #.....#
#.. ..... #.# ... #.#
#w# ###.. #.#
##@#......
#.####..l......
#....#.........
#..........###⌠ ###
#####.........##
..####<.(.........##
#.................#
#.................⌠.
#.................#≈≈


You could see a worm and a frilled lizard.

Vanquished Creatures
  A worm (D:2)
  A dart slug (D:2)
  2 leopard geckos (D:1)
  3 bats (D:1)
  A giant cockroach (D:1)
  A goblin (D:1)
  4 hobgoblins (D:1)
  2 frilled lizards (D:1)
  3 kobolds
  3 rats (D:1)
21 creatures vanquished.

Notes
Turn   | Place    | Note
-------+----------+-------------------------------------------
     0 | D:1      | Cykl0x the Formicid Fighter began the quest for the Orb.
     0 | D:1      | Reached XP level 1. HP: 18/18 MP: 1/1
   186 | D:1      | Reached XP level 2. HP: 16/24 MP: 2/2
   663 | D:1      | Reached XP level 3. HP: 29/29 MP: 3/3
   824 | D:2      | Reached skill level 4 in Shields
   833 | D:2      | Slain by a worm

Illustrated notes

Levels and vault maps discovered:
D:1:      nzn_arrival_settlement, layout_basic
D:2:      layout_basic, xom_redecorated, chequers_ecumenical_altar_twisty

Skill      XL: |  1  2  3 |
---------------+----------+-----
Shields        | 4 |  4.0
Fighting       | |  3.5
Long Blades    | |  2.6
Armour         | |  3.5
Dodging        | |  0.1

Action                   || total
-------------------------++-------
Melee: Long sword        ||    71
Throw: Stone             ||     4
       Boomerang         ||     8
 Abil: Dig               ||     2
  Use: Scroll            ||     1
Armor: Scale mail        ||    34
Dodge: Dodged            ||    17
Block: Kite shield       ||    48
       Rpst.: Long sword ||     3
